 Dungeon Crawl Stone Soup version 0.23.0-33-g5e6c059 (webtiles) character file.

Game seed: 0

17490 doot the Eclecticist (level 12, -4/62 HPs)
             Began as a Deep Elf Summoner on Feb 26, 2019.
             Was a High Priest of Sif Muna.
             Engulfed by a ghost crab's spectral mist (13 damage)
             ... on level 11 of the Dungeon on Feb 27, 2019.
             The game lasted 01:17:42 (19557 turns).

doot the Eclecticist (Deep Elf Summoner)           Turns: 19557, Time: 01:17:43

Health: -4/62      AC: 10    Str:  8    XL:     12   Next: 19%
Magic:  21/48      EV: 14    Int: 26    God:    Sif Muna [*****.]
Gold:   265        SH:  0    Dex: 15    Spells: 7/41 levels left

rFire    + . .     SeeInvis .   y - staff of power
rCold    + + .     Gourm    .   (no shield)
rNeg     . . .     Faith    .   O - +2 robe {rC+ rF+}
rPois    +         Spirit   .   H - +2 hat
rElec    .         Reflect  .   Q - +0 cloak
rCorr    .         Harm     .   P - +2 pair of gloves {Str+3}
MR       +....                  (no boots)
Stlth    +++.......             (no amulet)
HPRegen  0.20/turn              z - ring of protection from cold
MPRegen  0.31/turn              F - ring of poison resistance

@: about to teleport, lightly drained, divine energy
A: no striking features
a: Stop Divine Energy, Channel Magic, Forget Spell, Renounce Religion


You were on level 11 of the Dungeon.
You worshipped Sif Muna.
Sif Muna was extremely pleased with you.
You were not hungry.

You visited 3 branches of the dungeon, and saw 15 of its levels.

You collected 1172 gold pieces.
You spent 907 gold pieces at shops.

Inventory:

Hand Weapons
 f - a +0 short sword
 h - a +3 dagger of speed
 n - the +1 whip of the Eternal Warrior {antimagic, rF+}
   (You took it off an orc wizard on level 4 of the Dungeon)

   It reduces the magical energy of the wielder, and disrupts the spells and
   magical abilities of those hit.
   Natural abilities and divine invocations are not affected.
   It protects you from fire.
 L - the +6 war axe "Poerghi" {pain, Str+2 Int-3 Dex+3}
   (You found it on level 8 of the Dungeon)

   In the hands of one skilled in necromantic magic, it inflicts extra damage on
   living creatures.
   It affects your strength (+2).
   It affects your intelligence (-3).
   It affects your dexterity (+3).
Armour
 a - a +0 robe
 e - a +0 ring mail of positive energy
 k - a +0 helmet
 A - a +2 robe of positive energy
 E - the +0 helmet "Qimiawup" {rF- Int+4 Dex+2 SInv}
   (You found it on level 12 of the Dungeon)

   It affects your intelligence (+4).
   It affects your dexterity (+2).
   It makes you vulnerable to fire.
   It lets you see invisible.
 H - a +2 hat (worn)
 I - a +1 pair of gloves
 K - the +1 leather armour "Juqumo" {+Fly rF+ Dex+4}
   (You found it on level 11 of the Dungeon)

   It affects your dexterity (+4).
   It protects you from fire.
   It lets you fly.
 M - the +1 ring mail of Divine Compulsion {rF+}
   (You found it on level 8 of the Dungeon)

   It protects you from fire.
 O - a +2 robe of resistance (worn)
 P - a +2 pair of gloves of strength (worn)
 Q - a +0 cloak (worn)
Magical Staves
 y - an uncursed staff of power (weapon)
 G - an uncursed staff of poison
Jewellery
 z - a ring of protection from cold (left hand)
 F - a ring of poison resistance (right hand)
Wands
 g - a wand of random effects (26)
 D - a wand of flame (6)
Scrolls
 l - 3 scrolls of immolation
 m - 6 scrolls of enchant weapon
 o - 5 scrolls of fear
 p - 2 scrolls of enchant armour
 s - 3 scrolls of teleportation
 t - a scroll of holy word {unknown}
 u - 2 scrolls of magic mapping
 w - a scroll of fog {unknown}
 N - a scroll of identify
Potions
 b - 4 potions of might
 d - 5 potions of lignification
 j - a potion of magic
 q - 2 potions of haste
 r - a potion of invisibility
 v - 4 potions of curing
 x - 2 potions of berserk rage {unknown}
 B - a potion of resistance {unknown}
 C - 10 potions of degeneration
 J - a potion of agility {unknown}
Comestibles
 c - 18 rations


   Skills:
 + Level 1.8(1.5) Fighting
 + Level 2.1(1.8) Short Blades
 + Level 0.6(0.3) Staves
 + Level 1.3(1.0) Armour
 + Level 4.8(4.5) Dodging
 + Level 5.0(4.7) Stealth
 + Level 15.2(14.8) Spellcasting
 + Level 0.6(0.3) Conjurations
 + Level 3.0(2.7) Hexes
 + Level 13.4(13.0) Summonings
 + Level 2.3(2.0) Necromancy
 + Level 5.8(5.5) Ice Magic
 + Level 5.6(5.2) Air Magic


You had 7 spell levels left.
You knew the following spells:

 Your Spells              Type           Power        Failure   Level  Hunger
a - Conjure Flame         Conj/Fire      ###.....     8%          3    None
b - Call Imp              Summ           ######..     1%          2    None
c - Call Canine Familiar  Summ           ######..     1%          3    None
d - Summon Ice Beast      Ice/Summ       ######..     1%          4    None
e - Summon Lightning Spi  Summ/Air       ######..     1%          4    None
f - Confuse               Hex            ####....     2%          3    None
g - Iskenderun's Mystic   Conj           ###.....     24%         4    None
h - Animate Dead          Necr           N/A          12%         4    None
i - Spellforged Servitor  Conj/Summ      ######....   83%         7    ######.

Your spell library contained the following spells:

 Spells                   Type           Power        Failure   Level  Hunger
 Summon Butterflies       Summ           ######..     0%          1    None
 Summon Small Mammal      Summ           ####         0%          1    None
 Corona                   Hex            ####...      1%          1    None
 Shock                    Conj/Air       ####         1%          1    None
 Ensorcelled Hibernation  Hex/Ice        #####.       1%          2    None
 Slow                     Hex            ####....     1%          2    None
 Swiftness                Chrm/Air       ####....     1%          2    None
 Recall                   Summ/Tloc      N/A          1%          3    None
 Summon Guardian Golem    Hex/Summ       ######..     1%          3    None
 Apportation              Tloc           ###...       2%          1    None
 Magic Dart               Conj           ###.         2%          1    None
 Sandblast                Erth           ###...       2%          1    None
 Static Discharge         Conj/Air       ####....     2%          3    None
 Tukima's Dance           Hex            ####....     2%          3    None
 Searing Ray              Conj           ###...       3%          2    None
 Airstrike                Air            #####.....   3%          4    None
 Blink                    Tloc           N/A          4%          2    None
 Passwall                 Tmut/Erth      ###.....     4%          2    None
 Dazzling Spray           Conj/Hex       ####..       4%          3    None
 Mephitic Cloud           Conj/Pois/Air  ####....     4%          3    None
 Stone Arrow              Conj/Erth      ###...       8%          3    None
 Gell's Gravitas          Tloc           ###.......   9%          3    None
 Lesser Beckoning         Tloc           ###.......   9%          3    None
 Fulminant Prism          Conj/Hex       ####......   14%         4    None
 Lightning Bolt           Conj/Air       ####......   24%         5    #......
 Force Lance              Conj/Tloc      ###.....     26%         4    None
 Petrify                  Tmut/Erth      ###.....     28%         4    None
 Dispel Undead            Necr           ####....     34%         5    #......
 Bolt of Draining         Conj/Necr      ####......   43%         5    #......
 Borgnjor's Vile Clutch   Necr/Erth      ###.......   45%         5    #......
 Bolt of Magma            Conj/Fire/Erth ###.......   58%         5    #......
 Iskenderun's Battlesphe  Conj/Chrm      ###.....     58%         5    #......
 Venom Bolt               Conj/Pois      ###.......   58%         5    #......
 Alistair's Intoxication  Tmut/Pois      ###.....     61%         5    #......
 Lee's Rapid Deconstruct  Erth           ###.......   61%         5    #......
 Simulacrum               Ice/Necr       #####.....   65%         6    ####...
 Invisibility             Hex            ####....     80%         6    ####...
 Death Channel            Necr           ####......   88%         6    ####...
 Dispersal                Tloc           ###.......   99%         6    ####...
 Iron Shot                Conj/Erth      ###.......   99%         6    ####...
 Orb of Destruction       Conj           ###.......   100%        7    ######.


Dungeon Overview and Level Annotations

Branches:
Dungeon (12/15)            Temple (1/1) D:4            Lair (0/6) D:11
    Orc (2/2) D:9             Elf (0/3) Orc:2

Altars:
Ashenzari
Elyvilon
Hepliaklqana
Kikubaaqudgha
Makhleb
Qazlal
Sif Muna
Xom
Yredelemnul
Zin
Beogh

Shops:
D:7 [   Orc:1 ![

Annotations:
D:3 Purgy
D:6 3 runed translucent doors, sking99's ghost, novice VSFi
D:8 Erica
Orc:1 2 transporters, SeriousVitamin's ghost, journeyman DEFE


Message History

Anything else - Cancel.
Okay, then.
As you read the scroll of teleportation, it crumbles to dust.
You feel strangely unstable.
You are engulfed in spectral mist.
The spectral centaur warrior fades away!
The ghost crab bites you but does no damage.
The ghost crab claws you!
* * * LOW HITPOINT WARNING * * *
Unknown command.
You feel much better.
You are engulfed in spectral mist.
The spectral centaur fades away!
The ghost crab closely misses you.
The ghost crab claws you but does no damage.
You are engulfed in spectral mist.
* * * LOW HITPOINT WARNING * * *
The ghost crab bites you!
* * * LOW HITPOINT WARNING * * *
The ghost crab completely misses you.
Unknown command.
You feel better.
You are engulfed in spectral mist.
You die...

#.....##.#...##.#................
#..(..##.#......#...#.##.#...#...
#()......#...#).#.###.##[#...####
###'##########..#........#.#..(..
(.))).................#.[#.#..###
#..........############...##.....
#..).......<#......(..#.#.##.....
#....≈.....##.#######.#<...#...#.
......≈....##.#°@...#.#.#..#..##.
.....≈≈....##.#t###.#.#.#........
...........##.#○# #.#.#^#.#....##
.....≈.....##.#a# #h#.#.#.#..#...
...........##.#.# #.#.#.#.##.#.#.
P...........#.#.# #.#.#.#.##.....
...########.#.#.# #.#.#.#.###..#.
...# #.#.#÷? #.#.#.#...>.... ..##
#.#.#####.#.#.######..#


You could see an entropy weaver and a ghost crab.

Vanquished Creatures
  An entropy weaver (D:11)
  An ice beast (D:7)
  2 centaurs
  2 bullfrogs
  An orc wizard (D:6)
  A hound (D:7)
  An iron imp (D:8)
  3 worker ants
  2 adders
  3 leopard geckos
  4 orcs
  2 bats
  2 giant cockroaches
  3 goblins
  3 quokkas
31 creatures vanquished.

Vanquished Creatures (collateral kills)
  3 entropy weavers (D:11)
  Harold (D:7)
  2 ghost crabs (D:11)
  A centaur warrior (D:12)
  An ogre mage (Orc:1)
  The ghost of coffeespoons the Cleaver, a novice DDFi of Makhleb (D:8)
  6 two-headed ogres
  A tengu warrior (D:11)
  Nergalle (D:11)
  Sonja (D:11)
  6 fire crabs (D:11)
  A wizard (D:9)
  3 orc knights
  An ugly thing (D:11)
  4 orc sorcerers
  2 cyclopes
  An orange demon (D:8)
  A rust devil (D:8)
  2 red devils (D:8)
  A tengu conjurer (D:12)
  A troll (Orc:2)
  Prince Ribbit (D:8)
  2 hippogriffs
  9 yaks
  Grum (D:11)
  3 hungry ghosts
  Menkaure (D:7)
  3 wargs
  An acid dragon (D:11)
  Duvessa (D:5)
  3 porcupines (D:11)
  A water moccasin (D:10)
  A swamp drake (D:9)
  3 ice beasts
  4 sky beasts
  3 black bears
  14 orc warriors
  3 phantoms
  7 ogres
  3 wolves (D:11)
  4 centaurs
  3 big kobolds
  8 bullfrogs
  Dowan (D:5)
  3 scorpions
  3 killer bees (D:8)
  12 crimson imps
  4 howler monkeys
  A bullfrog zombie (D:5)
  5 iron imps (D:8)
  4 jellies
  6 hounds
  14 orc priests
  4 bullfrog skeletons
  A centaur skeleton (D:8)
  4 iguanas
  17 orc wizards
  10 worker ants
  Terence (D:3)
  A killer bee zombie (D:7)
  A centaur simulacrum (D:8)
  A hound skeleton (D:8)
  A spectral howler monkey (D:8)
  2 worker ant zombies
  Robin (D:3)
  8 adders
  2 howler monkey skeletons
  A shadow imp (D:6)
  An ooze (D:4)
  3 adder skeletons
  An adder zombie (D:8)
  3 worms
  2 leopard geckos
  70 orcs
  A ball python (D:5)
  3 bats
  3 giant cockroaches
  7 goblins
  4 hobgoblins
  6 jackals
  A quokka (D:3)
  2 frilled lizards (D:1)
  19 kobolds
  2 quokka zombies
  4 rats
360 creatures vanquished.

Vanquished Creatures (others)
  24 fungi (D:11)
  5 plants (D:11)
29 creatures vanquished.

Grand Total: 420 creatures vanquished

Notes
Turn   | Place    | Note
-------+----------+-------------------------------------------
     0 | D:1      | doot the Deep Elf Summoner began the quest for the Orb.
     0 | D:1      | Reached XP level 1. HP: 10/10 MP: 6/6
   183 | D:1      | Found a shimmering altar of Xom.
   427 | D:1      | Reached XP level 2. HP: 15/15 MP: 6/8
   431 | D:1      | Learned a level 2 spell: Call Imp
   761 | D:3      | Noticed Robin
   772 | D:3      | Killed Robin
   772 | D:3      | Reached skill level 4 in Spellcasting
  1133 | D:3      | Reached XP level 3. HP: 19/19 MP: 7/10
  1143 | D:3      | Learned a level 3 spell: Call Canine Familiar
  1275 | D:4      | Reached skill level 5 in Summonings
  1405 | D:4      | Reached XP level 4. HP: 15/24 MP: 9/12
  1433 | D:4      | Got a polished whip
  1434 | D:4      | Identified the cursed +1 whip of the Eternal Warrior
                  | {antimagic, rF+} (You took it off an orc wizard on level 4
                  | of the Dungeon)
  1487 | D:4      | Found a staircase to the Ecumenical Temple.
  1496 | Temple   | Entered the Ecumenical Temple
  1508 | Temple   | Became a worshipper of Sif Muna the Loreminder
  1572 | D:4      | Reached skill level 5 in Spellcasting
  1846 | D:3      | Noticed Purgy
  1921 | D:2      | Upgraded the game from 0.23.0-28-g6fe0f4d to
                  | 0.23.0-33-g5e6c059
  2575 | D:2      | Reached XP level 5. HP: 20/28 MP: 10/14
  2584 | D:2      | Learned a level 4 spell: Summon Ice Beast
  2826 | D:3      | Noticed Terence
  2909 | D:3      | Killed Terence
  3597 | D:4      | Reached * piety under Sif Muna
  3819 | D:5      | Entered Level 5 of the Dungeon
  3826 | D:5      | Noticed Dowan
  3952 | D:5      | Reached XP level 6. HP: 30/33 MP: 12/16
  3958 | D:5      | Learned a level 4 spell: Summon Lightning Spire
  3967 | D:5      | Noticed an ice beast
  3991 | D:5      | Killed an ice beast
  3991 | D:5      | Reached skill level 6 in Spellcasting
  4108 | D:5      | Noticed a chaos spawn
  4113 | D:5      | Reached skill level 1 in Fighting
  4264 | D:5      | Learned a level 3 spell: Confuse
  4513 | D:5      | Reached skill level 1 in Ice Magic
  4619 | D:5      | Noticed Duvessa
  4709 | D:5      | Killed Duvessa
  4709 | D:5      | Reached skill level 1 in Short Blades
  4709 | D:5      | Reached XP level 7. HP: 38/38 MP: 6/18
  5260 | D:5      | Killed Dowan
  6048 | D:6      | Found a runed translucent gate.
  6048 | D:6      | Found a runed translucent gate.
  6048 | D:6      | Found a runed translucent gate.
  6058 | D:6      | Noticed sking99's ghost (novice VSFi)
  6061 | D:6      | Noticed a hippogriff
  6072 | D:6      | Reached skill level 1 in Air Magic
  6252 | D:6      | You fall through a shaft for 2 floors!
  6278 | D:8      | Noticed Erica
  6470 | D:8      | Reached ** piety under Sif Muna
  6485 | D:8      | Reached skill level 7 in Spellcasting
  6532 | D:8      | Reached XP level 8. HP: 26/43 MP: 1/20
  6849 | D:9      | Noticed a wizard
  6871 | D:9      | Killed a wizard
  7022 | D:9      | Learned a level 4 spell: Iskenderun's Mystic Blast
  7199 | D:9      | Found a hazy altar of Hepliaklqana.
  7338 | D:9      | Noticed a two-headed ogre
  7481 | D:9      | Reached skill level 8 in Spellcasting
  7539 | D:9      | Killed a two-headed ogre
  7539 | D:9      | Reached *** piety under Sif Muna
  7539 | D:9      | Reached skill level 1 in Hexes
  7792 | D:9      | Found a staircase to the Orcish Mines.
  7831 | D:9      | Reached XP level 9. HP: 46/47 MP: 16/23
  8849 | D:8      | Found a basalt altar of Yredelemnul.
  8849 | D:8      | Noticed a rust devil
  8849 | D:8      | Noticed a red devil
  8852 | D:8      | Noticed an orange demon
  8859 | D:8      | Noticed a red devil
  8865 | D:8      | Killed a red devil
  8865 | D:8      | Reached skill level 9 in Spellcasting
  8873 | D:8      | Killed a red devil
  8978 | D:8      | Noticed Prince Ribbit
  9096 | D:8      | Killed Prince Ribbit
  9201 | D:8      | Killed an orange demon
  9201 | D:8      | Reached **** piety under Sif Muna
  9201 | D:8      | Reached skill level 10 in Summonings
  9224 | D:8      | Killed a rust devil
  9836 | D:7      | Noticed Harold
  9858 | D:7      | Killed Harold
  9858 | D:7      | Reached skill level 10 in Spellcasting
 10022 | D:7      | Noticed Menkaure
 10030 | D:7      | Killed Menkaure
 10174 | D:7      | Found a burning altar of Makhleb.
 10442 | D:7      | Reached XP level 10. HP: 48/52 MP: 13/26
 10504 | D:7      | Found Reacvys's Antique Armour Emporium.
 11284 | D:8      | Found a runed translucent gate.
 11284 | D:8      | Found a runed translucent gate.
 11284 | D:8      | Found a runed translucent gate.
 11284 | D:8      | Noticed coffeespoons's ghost (novice DDFi)
 11336 | D:8      | Reached ***** piety under Sif Muna
 11336 | D:8      | Received a gift from Sif Muna
 11669 | D:8      | Killed coffeespoons's ghost
 11669 | D:8      | Reached skill level 11 in Spellcasting
 11679 | D:8      | Got a polished war axe
 11681 | D:8      | Got a translucent ring mail
 11686 | D:8      | Identified the +6 war axe "Poerghi" {pain, Str+2 Int-3
                  | Dex+3} (You found it on level 8 of the Dungeon)
 11698 | D:8      | Identified the cursed +1 ring mail of Divine Compulsion
                  | {rF+} (You found it on level 8 of the Dungeon)
 11766 | D:10     | Entered Level 10 of the Dungeon
 11771 | D:10     | Learned a level 3 spell: Conjure Flame
 12734 | D:11     | Noticed Grum
 12926 | D:11     | Noticed Nergalle
 12986 | D:11     | Killed Nergalle
 12990 | D:11     | Killed Grum
 13199 | D:11     | Reached skill level 12 in Spellcasting
 13212 | D:11     | Noticed a red ugly thing
 13230 | D:11     | Killed a red ugly thing
 13253 | D:11     | Got a brightly glowing leather armour
 13264 | D:11     | Identified the cursed +1 leather armour "Juqumo" {+Fly rF+
                  | Dex+4} (You found it on level 11 of the Dungeon)
 13272 | D:11     | Noticed Sonja
 13293 | D:11     | Noticed a cyclops
 13466 | D:11     | Killed Sonja
 13466 | D:11     | Received a gift from Sif Muna
 13541 | D:11     | Learned a level 4 spell: Animate Dead
 13577 | D:11     | Killed a cyclops
 13623 | D:11     | Found a staircase to the Lair.
 13686 | D:11     | Found a runed translucent door.
 13691 | D:11     | Noticed a fire crab
 14013 | D:11     | Killed a fire crab
 14013 | D:11     | Reached XP level 11. HP: 36/56 MP: 29/29
 14131 | D:11     | Noticed an entropy weaver
 14131 | D:11     | Noticed a fire crab
 14149 | D:11     | Killed a fire crab
 14170 | D:11     | Killed an entropy weaver
 14170 | D:11     | Reached skill level 13 in Spellcasting
 14397 | D:11     | Noticed a fire crab
 14940 | D:11     | Killed a fire crab
 14940 | D:11     | Reached skill level 1 in Armour
 14954 | D:11     | Noticed an entropy weaver
 14954 | D:11     | Noticed a fire crab
 14966 | D:11     | Killed an entropy weaver
 14966 | D:11     | Reached skill level 1 in Necromancy
 14969 | D:11     | Killed a fire crab
 15056 | D:11     | Noticed a fire crab
 15056 | D:11     | Noticed a fire crab
 15678 | D:12     | Got a slimy helmet
 15689 | D:12     | Identified the +0 helmet "Qimiawup" {rF- Int+4 Dex+2 SInv}
                  | (You found it on level 12 of the Dungeon)
 15737 | D:12     | Noticed a centaur warrior
 15751 | D:12     | Killed a centaur warrior
 15751 | D:12     | Reached skill level 5 in Stealth
 16052 | D:12     | Noticed a tengu warrior
 16107 | D:11     | Killed a tengu warrior
 16422 | Orc:1    | Entered Level 1 of the Orcish Mines
 16439 | Orc:1    | Noticed an orc sorcerer
 16452 | Orc:1    | Killed an orc sorcerer
 16452 | Orc:1    | Reached skill level 5 in Air Magic
 16457 | Orc:1    | Found a transporter.
 16458 | Orc:1    | Noticed SeriousVitamin's ghost (journeyman DEFE)
 16503 | Orc:1    | Noticed an orc knight
 16533 | Orc:1    | Killed an orc knight
 16533 | Orc:1    | Reached skill level 5 in Ice Magic
 16555 | Orc:1    | Found Sorauss's Armour Shop.
 16560 | Orc:1    | Bought a +2 pair of gloves of strength for 279 gold pieces
 16560 | Orc:1    | Bought a +0 cloak for 58 gold pieces
 16772 | Orc:1    | Noticed an orc sorcerer
 16777 | Orc:1    | Killed an orc sorcerer
 16781 | Orc:1    | Found a roughly hewn altar of Beogh.
 16879 | Orc:1    | Noticed an orc knight
 16905 | Orc:1    | Killed an orc knight
 16905 | Orc:1    | Reached skill level 14 in Spellcasting
 17041 | Orc:1    | Noticed an ogre mage
 17041 | Orc:1    | Noticed a two-headed ogre
 17043 | Orc:1    | Noticed a two-headed ogre
 17045 | Orc:1    | Noticed a two-headed ogre
 17046 | Orc:1    | Noticed a two-headed ogre
 17047 | Orc:1    | Killed a two-headed ogre
 17050 | Orc:1    | Noticed a two-headed ogre
 17050 | Orc:1    | Killed a two-headed ogre
 17050 | Orc:1    | Identified Sif Muna's Tome of Warped Black Magic (Sif Muna
                  | gifted it to you on level 1 of the Orcish Mines)
 17050 | Orc:1    | Received a gift from Sif Muna
 17059 | Orc:1    | Killed a two-headed ogre
 17060 | Orc:1    | Killed a two-headed ogre
 17065 | Orc:1    | Killed a two-headed ogre
 17070 | Orc:1    | Killed an ogre mage
 17193 | Orc:1    | Found Ceapsusch's Distillery.
 17201 | Orc:1    | Bought a potion of heal wounds for 80 gold pieces
 17202 | Orc:1    | Found a transporter.
 17316 | Orc:1    | Bought a +2 robe of resistance for 490 gold pieces
 17383 | Orc:1    | Noticed an orc sorcerer
 17413 | Orc:1    | Killed an orc sorcerer
 17585 | Orc:2    | Entered Level 2 of the Orcish Mines
 17585 | Orc:2    | Found a staircase to the Elven Halls.
 17595 | Orc:2    | Noticed an orc sorcerer
 17597 | Orc:2    | Noticed an orc knight
 17687 | Orc:2    | Found a roughly hewn altar of Beogh.
 17976 | Orc:2    | Noticed an orc knight
 17987 | Orc:2    | Killed an orc sorcerer
 17996 | Orc:2    | Killed an orc knight
 18429 | D:12     | Reached XP level 12. HP: 61/61 MP: 32/32
 18458 | D:11     | Learned a level 7 spell: Spellforged Servitor
 18671 | D:11     | Noticed an entropy weaver
 18712 | D:11     | Killed an entropy weaver
 18790 | D:11     | Noticed a ghost crab
 18790 | D:11     | Noticed a ghost crab
 18809 | D:11     | Killed a ghost crab
 18809 | D:11     | Reached skill level 15 in Spellcasting
 18812 | D:11     | Killed a ghost crab
 19061 | D:11     | Noticed an entropy weaver
 19080 | D:11     | Killed an entropy weaver
 19539 | D:11     | Noticed a ghost crab
 19542 | D:11     | Noticed an entropy weaver
 19556 | D:11     | HP: 1/62 [ghost crab (15)]
 19557 | D:11     | Engulfed by a ghost crab's spectral mist

Skill      XL: |  1  2  3  4  5  6  7  8  9 10 11 12 |
---------------+-------------------------------------+-----
Spellcasting   | 4 5 6 7 8 10 12 14 15 | 15.2
Summonings     | 5 6 7 9 11 12 13 | 13.4
Stealth        | 3 4 5 |  5.0
Fighting       | 1 |  1.8
Dodging        | 3 4 |  4.8
Ice Magic      | 1 2 3 4 5 |  5.8
Short Blades   | 1 2 |  2.1
Air Magic      | 2 3 4 5 |  5.6
Hexes          | 1 2 3 |  3.0
Armour         | 1 |  1.3
Necromancy     | 2 |  2.3
Staves         | |  0.6
Conjurations   | |  0.6

Action                   |  1- 3 |  4- 6 |  7- 9 | 10-12 || total
-------------------------+-------+-------+-------+-------++-------
Melee: Dagger            |    10 |    58 |    77 |    45 ||   190
       Whip              |       |    14 |       |       ||    14
       Staff             |       |       |       |    35 ||    35
 Cast: Summon Small Mamm |    23 |       |       |       ||    23
       Call Imp          |    16 |     9 |       |     5 ||    30
       Call Canine Famil |     3 |    22 |    33 |    67 ||   125
       Summon Ice Beast  |       |     7 |    33 |    77 ||   117
       Summon Lightning  |       |     3 |    40 |    73 ||   116
       Confuse           |       |     2 |     2 |    12 ||    16
       Iskenderun's Myst |       |       |     4 |       ||     4
       Animate Dead      |       |       |       |    13 ||    13
       Spellforged Servi |       |       |       |     2 ||     2
Invok: Divine Energy     |       |       |     1 |       ||     1
  Use: Scroll            |       |     7 |       |    14 ||    21
       Potion            |       |       |       |     4 ||     4
 Stab: Sleeping          |       |     6 |     3 |     7 ||    16
       Distracted        |       |       |     1 |       ||     1
  Eat: Chunk             |     2 |    11 |    13 |    17 ||    43
       Ration            |       |       |     3 |     5 ||     8
Armor: Robe              |     2 |    15 |    14 |    38 ||    69
       Leather armour    |       |       |       |     4 ||     4
       Ring mail         |       |       |       |     1 ||     1
Dodge: Dodged            |    24 |    34 |    64 |    93 ||   215
